 Dungeon Crawl Stone Soup version 0.26.0-18-gc5c842f807 (webtiles) character file.

Game seed: 13254210814672097665

382 kaeus the Skirmisher (level 6, -3/49 HPs)
             Began as a Demonspawn Fighter on Jan 23, 2021.
             Slain by an ogre
             ... wielding a +0 giant club
              (20 damage)
             ... on level 4 of the Dungeon.
             The game lasted 00:03:25 (3498 turns).

kaeus the Skirmisher (Demonspawn Fighter)           Turns: 3498, Time: 00:03:25

Health: -3/49      AC:  7    Str: 18    XL:     6   Next: 47%
Magic:  0/6        EV:  7    Int:  9    God:
Gold:   267        SH: 14    Dex: 19    Spells: 5/5 levels left

rFire    . . .     SeeInvis .   f - +1 dagger (elec)
rCold    . . .     Faith    .   c - +0 kite shield
rNeg     . . .     Spirit   +   b - +0 scale mail
rPois    +         Reflect  .   (no helmet)
rElec    .         Harm     .   (no cloak)
rCorr    .         Rampage  .   (no gloves)
Will     .....                  (no boots)
Stlth    ..........             i - amulet of regeneration
HPRegen  0.56/turn              e - +6 ring of dexterity
MPRegen  0.10/turn              g - ring of poison resistance

@: mighty
A: claws 2, large bone plates 1, magic shield
a: no special abilities


You were on level 4 of the Dungeon.
You visited 1 branch of the dungeon, and saw 4 of its levels.

You collected 267 gold pieces.

Inventory:

Hand Weapons
 f - a +1 dagger of electrocution (weapon)
Armour
 b - a +0 scale mail (worn)
 c - a +0 kite shield (worn)
Jewellery
 a - an uncursed ring of resist corrosion {unknown}
 e - a +6 ring of dexterity (left claw)
 g - a ring of poison resistance (right claw)
 i - an amulet of regeneration (around neck)
 k - an uncursed ring of poison resistance
 p - an uncursed amulet of magic regeneration
 q - an uncursed ring of flight
 r - a +6 ring of intelligence
Scrolls
 h - 4 scrolls of teleportation
 j - a scroll of identify
 l - 2 scrolls of fear
 m - a scroll of remove curse {unknown}
 u - a scroll of fog {unknown}
 w - a scroll of amnesia {unknown}
Potions
 n - a potion of flight {unknown}
 o - a potion of cancellation {unknown}
 s - 2 potions of curing {unknown}
 t - a potion of heal wounds {unknown}
 v - a potion of brilliance {unknown}
 x - a potion of degeneration {unknown}


   Skills:
 + Level 4.4 Fighting
 + Level 2.6 Short Blades
 - Level 2.0 Axes
 + Level 4.1 Armour
 + Level 4.0 Shields


You had 5 spell levels left.
You didn't know any spells.
Your spell library contained the following spells:

 Spells                   Type           Power        Failure   Level
 Beastly Appendage        Tmut           0%           99%         1
 Wereblood                Tmut           0%           100%        2
 Spider Form              Tmut/Pois      0%           100%        3
 Ice Form                 Ice/Tmut       0%           100%        4
 Blade Hands              Tmut           0%           100%        5


Dungeon Overview and Level Annotations

Branches:
Dungeon (4/15)
 Temple: D:4-7

Altars:
Qazlal


Innate Abilities, Weirdness & Mutations

You have very sharp fingernails.
You are partially covered in large bone plates. (SH +4)
When hurt, damage is shared between your health and your magic reserves.


Message History

The ogre is moderately wounded.
You block the ogre's attack.
You hit the ogre.
The ogre is heavily wounded.
You block the ogre's attack.
You barely miss the ogre.
The ogre is heavily wounded.
The ogre barely misses you.
You hit the ogre.
The ogre is heavily wounded.
You completely miss the ogre.
The ogre is heavily wounded.
You block the ogre's attack.
You puncture the ogre!
The ogre is severely wounded.
You block the ogre's attack.
You hit the ogre.
The ogre is almost dead.
The ogre hits you with a +0 giant club!!
You die...

.#..............#.......
..........##...........#
†#.....#........^......#
...#...##..............#
...#....##....###.....#
.......##......##.....#
...........##...#.....#
...........#...#......#
.....##.......##@#.!.##
#.........O# .##
............. #
#.............
............##
.............
............ .##.#...##.


You could see an ogre.

Vanquished Creatures
  Terence (D:3)
  Natasha (thrice) (D:3)
  2 iguanas
  A worker ant zombie (D:4)
  8 adders
  A shadow imp (D:3)
  A white imp (D:3)
  An ooze (D:1)
  6 worms
  A dart slug (D:1)
  4 leopard geckos
  7 orcs (D:3)
  4 giant cockroaches
  7 goblins
  10 hobgoblins
  9 jackals
  15 kobolds
  2 quokkas
  3 ball pythons
  12 bats
  3 frilled lizards
  7 rats
108 creatures vanquished.

Notes
Turn   | Place    | Note
-------+----------+-------------------------------------------
     0 | D:1      | kaeus the Demonspawn Fighter began the quest for the Orb.
     0 | D:1      | Reached XP level 1. HP: 18/18 MP: 1/1
   383 | D:1      | Gained mutation: You have sharp fingernails. [demonic
                  | ancestry]
   383 | D:1      | Reached XP level 2. HP: 24/24 MP: 2/2
   731 | D:1      | Reached XP level 3. HP: 14/29 MP: 3/3
  1176 | D:2      | Found a stormy altar of Qazlal.
  1176 | D:2      | Noticed a water elemental
  1178 | D:2      | Noticed a fire elemental
  1178 | D:2      | Noticed an air elemental
  1178 | D:2      | Noticed an earth elemental
  1210 | D:2      | Reached skill level 1 in Short Blades
  1389 | D:2      | Gained mutation: You have very sharp fingernails. [demonic
                  | ancestry]
  1389 | D:2      | Reached XP level 4. HP: 35/35 MP: 4/4
  2254 | D:3      | Gained mutation: You are partially covered in large bone
                  | plates. (SH +4) [demonic ancestry]
  2254 | D:3      | Reached XP level 5. HP: 36/42 MP: 5/5
  2432 | D:3      | Noticed Terence
  2440 | D:3      | Killed Terence
  2522 | D:3      | Noticed Natasha
  2526 | D:3      | Killed Natasha
  2702 | D:3      | Noticed Natasha
  2717 | D:3      | Killed Natasha
  2718 | D:3      | Gained mutation: When hurt, damage is shared between your
                  | health and your magic reserves. [demonic ancestry]
  2718 | D:3      | Reached XP level 6. HP: 42/48 MP: 6/6
  3204 | D:3      | Noticed Natasha
  3219 | D:3      | Killed Natasha
  3498 | D:4      | Slain by an ogre

Illustrated notes

Levels and vault maps discovered:
D:1:      minmay_arrival_shattered_statue, layout_loops_ring,
          minmay_misc_feat_pillars
D:2:      layout_loops_corners, nicolae_qazlal_style_of_elements
D:3:      minmay_spotlight, layout_basic, minivault_24, uniq_terence,
          uniq_natasha
D:4:      layout_cave_pools

Skill      XL: |  1  2  3  4  5  6 |
---------------+-------------------+-----
Axes           | 2 |  2.0
Armour         | 3 4 |  4.1
Shields        | 3 4 |  4.0
Short Blades   | 1 2 |  2.6
Fighting       | 4 |  4.4

Action                   |  1- 3 |  4- 6 || total
-------------------------+-------+-------++-------
Melee: War axe           |    30 |       ||    30
       Dagger            |   107 |   236 ||   343
  Use: Scroll            |       |     4 ||     4
       Potion            |       |     1 ||     1
Armor: Scale mail        |    60 |    83 ||   143
Dodge: Dodged            |    29 |    63 ||    92
Block: Kite shield       |    51 |   156 ||   207
